 Dungeon Crawl Stone Soup version 0.29-a0-118-g06d03a830b (webtiles) character file.

Game seed: 2122266174105967376

88841 Gargoyl the Cleaver (level 15, -1/108 HPs)
             Began as a Gargoyle Abyssal Knight on Feb 19, 2022.
             Was the Champion of Lugonu.
             Slain by an ettin (7 damage)
             ... on level 12 of the Dungeon.
             The game lasted 00:31:37 (26744 turns).

Gargoyl the Cleaver (Gargoyle Abyssal Knight)      Turns: 26744, Time: 00:31:37

Health: -1/108     AC: 40    Str: 22    XL:     15   Next: 95%
Magic:  22/22      EV:  9    Int: 13    God:    Lugonu [******]
Gold:   1500       SH: 12    Dex: 12    Spells: 14/14 levels left

rFire   . . .      SeeInvis .   w - +9 hand axe of Valiance {vorpal, rN++ Stlth+}
rCold   + . .      Faith    .   C - +1 kite shield {rC+}
rNeg    + + +      Spirit   .   u - +0 chain mail
rPois   ∞          Reflect  .   n - +2 helmet
rElec   +          Harm     .   (no cloak)
rCorr   .          Rampage  .   e - +2 pair of gloves
Will    ++...                   E - +2 pair of boots
Stlth   ..........              (no amulet)
HPRegen 0.28/turn               F - +4 ring of protection
MPRegen 0.18/turn               L - ring of willpower

@: flying
A: sickness immunity, AC +11, big wings, negative energy resistance 1,
electricity resistance, torment resistance 1, petrification resistance,
iridescent scales 1, agile 1, low MP 1, robust 1
a: Renounce Religion, Depart the Abyss, Bend Space, Banish, Corrupt, Enter the
Abyss, Brand Weapon With Distortion


You were on level 12 of the Dungeon.
You worshipped Lugonu.
Lugonu was exalted by your worship.
You visited 2 branches of the dungeon, and saw 19 of its levels.
You visited the Abyss 1 time.
You also visited: Ossuary, Bailey and Ice Cave.

You collected 1669 gold pieces.
You spent 169 gold pieces at shops.

Inventory:

Hand Weapons
 a - a +1 hand axe
 f - a +2 battleaxe of freezing
 t - a +0 war axe of venom
 w - the +9 hand axe of Valiance (weapon) {vorpal, rN++ Stlth+}
   (You found it on level 3 of the Dungeon)

   It inflicts extra damage upon your enemies.
   rN:        It greatly protects you from negative energy.
   Stlth:     It makes you more stealthy.
 J - a +5 war axe of electrocution
 K - the +10 trident of the Valley of Death {holy, rPois rF- Str+2}
   (You took it off a spriggan on level 6 of the Lair of Beasts)

   It has been blessed by the Shining One to cause great damage to the undead
   and demons.
   Str:       It affects your strength (+2).
   rF:        It makes you vulnerable to fire.
   rPois:     It protects you from poison.
 M - the +9 long sword of Luifaik {vamp, rC+ SInv}
   (You found it on level 12 of the Dungeon)

   It occasionally heals its wielder for a portion of the damage dealt when it
   wounds a living foe.
   rC:        It protects you from cold.
   SInv:      It lets you see invisible.
Missiles
 D - 18 poisoned darts (quivered)
Armour
 e - a +2 pair of gloves (worn)
 n - a +2 helmet (worn)
 u - a +0 chain mail (worn)
 C - a +1 kite shield of cold resistance (worn)
 E - a +2 pair of boots (worn)
Jewellery
 y - a ring of resist corrosion
 F - a +4 ring of protection (left hand)
 L - a ring of willpower (right hand)
Wands
 b - a wand of polymorph (17)
 h - a wand of paralysis (4)
 j - a wand of digging (8)
 m - a wand of flame (9)
 z - a wand of iceblast (23)
 G - a wand of acid (14)
 H - a wand of mindburst (9)
Scrolls
 g - 14 scrolls of identify
 o - 6 scrolls of blinking
 p - 8 scrolls of fear
 v - 12 scrolls of teleportation
 I - a scroll of magic mapping
Potions
 c - a potion of berserk rage
 i - 6 potions of ambrosia
 k - 5 potions of mutation
 l - 4 potions of flight
 q - a potion of resistance
 r - a potion of might
 s - a potion of brilliance
 x - 3 potions of lignification
 A - 3 potions of cancellation
 B - 14 potions of curing
 N - a potion of magic


   Skills:
 + Level 13.3 Fighting
 + Level 14.9 Axes
 + Level 1.4 Throwing
 + Level 12.2 Armour
 + Level 5.1 Dodging
 + Level 3.5 Stealth
 + Level 10.9 Shields
 * Level 12.7 Invocations
 + Level 1.8 Evocations


You had 14 spell levels left.
You didn't know any spells.
Your spell library contained the following spells:

 Spells                   Type           Power      Damage    Failure   Level
 Animate Skeleton         Necr           0%         N/A       98%         1
 Apportation              Tloc           0%         N/A       98%         1
 Pain                     Necr           0%         1d4       98%         1
 Slow                     Hex            0%         N/A       98%         1
 Confusing Touch          Hex            0%         N/A       100%        3
 Conjure Flame            Conj/Fire      0%         6-21      100%        3
 Gell's Gravitas          Tloc           0%         N/A       100%        3
 Ignite Poison            Fire/Tmut/Pois 0%         N/A       100%        3
 Teleport Other           Tloc           0%         N/A       100%        3
 Vampiric Draining        Necr           0%         2d6       100%        3
 Airstrike                Air            0%         N/A       100%        4
 Sticky Flame             Conj/Fire      0%         2d3       100%        4
 Summon Lightning Spire   Summ/Air       0%         N/A       100%        4
 Agony                    Necr           0%         N/A       100%        5
 Excruciating Wounds      Necr           0%         N/A       100%        5
 Freezing Cloud           Conj/Ice/Air   0%         6-21      100%        5
 Lightning Bolt           Conj/Air       0%         1d11      100%        5
 Silence                  Hex/Air        0%         N/A       100%        5
 Dispersal                Tloc           0%         N/A       100%        6
 Simulacrum               Ice/Necr       0%         N/A       100%        6
 Polar Vortex             Ice            0%         N/A       100%        9


Dungeon Overview and Level Annotations

Branches:
Dungeon (13/15)            Temple (0/1) D:7            Lair (6/6) D:10
  Swamp (0/4) Lair:2       Spider (0/4) Lair:2        Slime (0/5) Lair:5
    Orc (0/2) D:10        Ossuary (visited)          Bailey (visited)
  IceCv (visited)
 Vaults: D:13-14

Altars:
Okawaru
Jiyva

Shops:
D:1 !   D:8 !

Annotations:
D:12 witty6's ghost, journeyman DsAK
Lair:4 exclusion: 2 oklob plants
Lair:5 1 runed translucent door
Abyss:1 alexyer's ghost, novice MiGl


Innate Abilities, Weirdness & Mutations

You are immune to sickness and miasma.
Your stone body is resilient. (AC +11)
You are immune to poison.
Your large and strong wings let you fly.
You resist negative energy. (rN+)
You are resistant to electric shocks. (rElec)
You are resistant to unholy torment.
You are immune to petrification.
You are partially covered in iridescent scales. (AC +2)
You are agile. (Dex +2)
Your magical capacity is low. (-10% MP)
You are robust. (+10% HP)


Message History

You hit the two-headed ogre.
The slime creature hits you but does no damage.
Unknown command.
You slash the slime creature!
You kill the slime creature!
Lugonu accepts your kill.
You barely miss the ettin. You hit witty6's ghost. You hit the two-headed ogre.
The two-headed ogre hits you with a +0 dire flail!
The two-headed ogre hits you but does no damage.
The ettin hits you with a +0 dire flail!
The ettin misses you. You block witty6's ghost's attack.
The centaur warrior shoots an arrow.
You block the arrow.
The deep elf pyromancer mumbles some strange words.
Unknown command.
The fire elemental disappears in a puff of smoke!
The centaur warrior shoots an arrow.
You block the arrow.
There is a transporter here.
Unknown command.
You enter the transporter and appear at another place.
You block the ettin's attack. The ettin barely misses you.
Unknown command.
You hit the ettin but do no damage.
The ettin is lightly wounded.
You block the ettin's attack.
The ettin hits you with a +0 dire flail.
You slash the ettin!
The ettin is heavily wounded.
You block the ettin's attack. The ettin hits you but does no damage.
You slash the ettin!
The ettin is heavily wounded.
You hit the ettin.
The ettin is severely wounded.
The ettin hits you with a +0 dire flail!
The ettin hits you but does no damage.
You slash the ettin!
The ettin is almost dead.
The ettin hits you with a +0 dire flail!!
* * * LOW HITPOINT WARNING * * *
The ettin hits you with a +0 dire flail!
You die...

###........#..#...#○.#...####..##
#........#.#....E#E#...# #....
#...###..#....©..○.#...# #....
#...# #..#.#...°.#.#...# #....
#...# #..#..#..°#c.#...# #....
#...# #..#...e°°.O.#...# #....
#...# #..##8.)EE.8##...# #....
#...# #...#########....# #....
#...# #.......@........# #....
#...# ##.......C.......# #....
#...# ####............# #....
#...# #............# #.... #...#
#........>)..# #.... #...#
#............# #.... #...#
#............# #.... #...#
#............# #.... #...#
#............# #....


You could see an ettin, a centaur warrior, a two-headed ogre, a deep elf
pyromancer and 3 fire elementals.

Vanquished Creatures
  Rupert (D:12)
  A frost giant (IceCv)
  The ghost of Essalna the Fighter, a journeyman DsEE of Hepliaklqana (Lair:6)
  The ghost of Binginea the Covert, a journeyman VSEn of Zin (Lair:5)
  Josephine (D:11)
  Fannar (Lair:1)
  A boulder beetle (D:12)
  3 two-headed ogres
  A centaur warrior (D:13)
  3 catoblepae
  15 death yaks
  A deep troll shaman (Lair:6)
  Sonja (D:12)
  3 spriggans (Lair:6)
  A skeletal warrior (D:12)
  An orb spider (Lair:2)
  A bog body (Lair:2)
  A lindwurm (Lair:6)
  Pikel (D:4)
  An orc knight (Bailey)
  2 manticores
  A cyclops (D:12)
  An ugly thing (D:12)
  5 black mambas
  14 elephants
  An ice statue (IceCv)
  Maggie (D:7)
  3 torpor snails
  23 cane toads
  A gargoyle (D:10)
  8 komodo dragons
  4 rime drakes
  2 unseen horrors
  A tengu conjurer (D:12)
  2 trolls
  A queen bee (Lair:4)
  2 meliai (Lair:4)
  4 hornets
  Grinder (D:3)
  17 polar bears
  30 blink frogs
  8 dream sheep
  7 slime creatures
  3 shadows
  5 wraiths
  3 vampires
  66 yaks
  6 wyverns
  A steam dragon (D:8)
  8 basilisks
  8 vampire mosquitoes
  Menkaure (D:7)
  2 swamp worms (Lair:2)
  2 acid dragons (D:12)
  13 water moccasins
  3 orc warriors
  An ice beast (D:5)
  3 sky beasts
  5 black bears
  3 necrophages
  2 ogres
  42 wolves
  A boggart (Lair:6)
  3 centaurs
  A lemure (D:4)
  A phantom (D:7)
  5 kobold brigands (Bailey)
  8 bullfrogs
  2 scorpions
  47 killer bees
  A vampire bat (D:5)
  8 wights
  A howler monkey (D:12)
  3 electric eels
  8 centaur zombies
  3 hounds
  3 jellies
  2 human zombies (Ossuary)
  2 gnoll shamans
  8 orc priests
  Jessica (D:3)
  Terence (D:3)
  2 iguanas
  13 orc wizards
  7 hell rats (Lair:5)
  A killer bee zombie (D:5)
  A hound zombie (Ossuary)
  3 mummies (Ossuary)
  Robin (D:3)
  12 gnolls
  5 adders
  2 white imps (D:7)
  5 ufetubi
  4 adder zombies
  A worm (D:2)
  3 dart slugs
  3 fire bats (D:5)
  32 orcs
  2 spectral bats (D:5)
  3 bat skeletons (D:5)
  A bat zombie (D:5)
  8 endoplasms
  3 giant cockroaches (D:2)
  4 hobgoblins
  4 jackals (D:1)
  3 quokkas
  6 ball pythons
  12 bats
  A bat simulacrum (D:5)
  2 frilled lizards
  15 goblins
  6 goblin zombies (Ossuary)
  3 hobgoblin zombies (Ossuary)
  3 jackal zombies (Ossuary)
  14 kobolds
  4 kobold zombies (Ossuary)
  2 orc zombies (Ossuary)
  2 quokka zombies (Ossuary)
  7 rats
  4 rat zombies (Ossuary)
669 creatures vanquished.

Vanquished Creatures (others)
  28 fungi
  61 plants
89 creatures vanquished.

Grand Total: 758 creatures vanquished

Notes
Turn   | Place    | Note
-------+----------+-------------------------------------------
     0 | Abyss:1  | Gargoyl the Gargoyle Abyssal Knight began the quest for the
                  | Orb.
     0 | Abyss:1  | Reached XP level 1. HP: 14/14 MP: 2/2
     0 | D:1      | Escaped the Abyss
    44 | D:1      | Reached * piety under Lugonu
   130 | D:1      | Found Iriqexky's Distillery.
   407 | D:1      | Reached XP level 2. HP: 20/20 MP: 3/3
   687 | D:1      | Reached skill level 2 in Axes
   941 | D:2      | Reached XP level 3. HP: 21/24 MP: 4/4
  1079 | D:2      | Gained mutation: Your magical capacity is low. (-10% MP)
                  | [potion of mutation]
  1079 | D:2      | Gained mutation: You have large cloven feet. [potion of
                  | mutation]
  1079 | D:2      | Gained mutation: You have sharp fingernails. [potion of
                  | mutation]
  1082 | D:2      | Reached ** piety under Lugonu
  1397 | D:2      | Reached XP level 4. HP: 24/29 MP: 5/5
  1727 | D:3      | Reached skill level 3 in Axes
  1733 | D:3      | Noticed Robin
  1741 | D:3      | Killed Robin
  1763 | D:3      | Reached skill level 1 in Dodging
  1950 | D:3      | Noticed Grinder
  1964 | D:3      | Paralysed by Grinder for 3 turns
  1969 | D:3      | Killed Grinder
  1970 | D:3      | Reached skill level 4 in Axes
  1970 | D:3      | Reached XP level 5. HP: 28/34 MP: 6/6
  1970 | D:3      | Reached XP level 6. HP: 32/39 MP: 6/6
  2128 | D:3      | Noticed Jessica
  2136 | D:3      | Killed Jessica
  2367 | D:3      | Found an iron altar of Okawaru.
  2504 | D:3      | Noticed Terence
  2521 | D:3      | Killed Terence
  2913 | D:3      | Identified the +9 hand axe of Valiance {vorpal, rN++
                  | Stlth+}
  2946 | D:4      | Noticed Pikel
  2952 | D:4      | Reached skill level 5 in Fighting
  2964 | D:4      | Killed Pikel
  2965 | D:4      | Reached skill level 5 in Axes
  2965 | D:4      | Reached skill level 1 in Stealth
  2965 | D:4      | Reached skill level 1 in Evocations
  2965 | D:4      | Reached XP level 7. HP: 19/44 MP: 7/7
  2965 | D:4      | Reached XP level 8. HP: 21/50 MP: 8/8
  3258 | D:4      | Reached skill level 6 in Axes
  3613 | D:5      | Entered Level 5 of the Dungeon
  3771 | D:5      | Reached skill level 5 in Armour
  3840 | D:5      | Reached *** piety under Lugonu
  3907 | D:5      | Lost mutation: You have large cloven feet. [potion of
                  | mutation]
  3907 | D:5      | Lost mutation: You have sharp fingernails. [potion of
                  | mutation]
  3907 | D:5      | Gained mutation: You are agile. (Dex +2) [potion of
                  | mutation]
  3907 | D:5      | Gained mutation: You have hidden genetic potential. [potion
                  | of mutation]
  3907 | D:5      | Gained mutation: Your large and strong wings let you fly.
                  | [potion of mutation]
  4104 | D:5      | Found a runed translucent door.
  4400 | D:5      | Noticed alexyer's ghost (novice MiGl)
  4426 | D:6      | Identified the +4 war axe "Jycsodaq" {flame, MP+9}
  4633 | D:6      | Found a sand-covered staircase.
  4638 | Ossuary  | Entered an ossuary
  4893 | Ossuary  | Reached **** piety under Lugonu
  4921 | Ossuary  | Reached skill level 7 in Axes
  5056 | D:6      | Reached XP level 9. HP: 55/55 MP: 10/10
  5312 | D:6      | Banished alexyer's ghost
  5313 | D:6      | Reached skill level 1 in Shields
  5326 | D:6      | Gained mutation: You are robust. (+10% HP) [hidden
                  | potential]
  5463 | D:5      | Reached skill level 8 in Axes
  5598 | D:5      | Reached skill level 5 in Invocations
  5598 | D:5      | Reached XP level 10. HP: 49/69 MP: 12/12
  5855 | D:7      | Noticed Menkaure
  5859 | D:7      | Killed Menkaure
  5895 | D:7      | Reached skill level 9 in Axes
  5929 | D:7      | Found a staircase to the Ecumenical Temple.
  5943 | D:7      | Noticed Maggie
  5959 | D:7      | Killed Maggie
  6028 | D:7      | Gained mutation: You are partially covered in iridescent
                  | scales. (AC +2) [hidden potential]
  6028 | D:7      | Lost mutation: You have hidden genetic potential. [hidden
                  | potential expressed]
  8077 | D:8      | Reached ***** piety under Lugonu
  8119 | D:8      | Found Fatalyili's Distillery.
  8128 | D:8      | Bought a potion of resistance for 130 gold pieces
  8128 | D:8      | Bought a potion of curing for 39 gold pieces
  8627 | D:9      | Reached skill level 10 in Axes
  8747 | D:9      | Reached XP level 11. HP: 49/74 MP: 14/14
  8889 | D:9      | Paralysed by a gnoll shaman for 5 turns
  9116 | D:9      | Found a flagged portal.
  9127 | Bailey   | Entered a bailey
  9262 | Bailey   | Noticed an orc knight
  9293 | Bailey   | Killed an orc knight
  9469 | Bailey   | Noticed an orc knight
 10076 | D:9      | Noticed a two-headed ogre
 10446 | D:9      | Killed a two-headed ogre
 10551 | D:10     | Entered Level 10 of the Dungeon
 10635 | D:9      | Reached skill level 1 in Throwing
 10832 | D:10     | Found a staircase to the Lair.
 11028 | D:10     | Reached skill level 11 in Axes
 11033 | D:10     | Found a staircase to the Orcish Mines.
 11560 | Lair:1   | Entered Level 1 of the Lair of Beasts
 11604 | D:10     | Reached ****** piety under Lugonu
 12092 | Lair:1   | Reached XP level 12. HP: 52/83 MP: 16/16
 12313 | Lair:1   | Noticed Fannar
 12325 | Lair:1   | Killed Fannar
 13348 | Lair:2   | Reached skill level 12 in Axes
 13574 | Lair:2   | Found a frozen archway.
 13595 | IceCv    | Entered an ice cave
 13857 | IceCv    | Noticed a death yak
 13871 | IceCv    | Reached skill level 10 in Fighting
 13884 | IceCv    | Killed a death yak
 14168 | IceCv    | Reached skill level 5 in Shields
 14412 | IceCv    | Reached XP level 13. HP: 80/90 MP: 18/18
 14753 | IceCv    | Reached skill level 13 in Axes
 15184 | IceCv    | Noticed a frost giant
 15193 | IceCv    | Reached skill level 10 in Armour
 15201 | IceCv    | HP: 4/91 [frost giant (2)]
 15222 | IceCv    | Killed a frost giant
 15223 | IceCv    | Reached skill level 10 in Invocations
 15640 | IceCv    | Identified the +9 shortbow of Doom {venom, rF+ rC+ Str+4
                  | Dex+9}
 16095 | Lair:2   | Found a hole to the Spider Nest.
 16209 | Lair:2   | Found a staircase to the Swamp.
 18181 | Lair:5   | Found a runed translucent door.
 18181 | Lair:5   | Found a viscous altar of Jiyva.
 18192 | Lair:4   | Mutation became permanent: Your large and strong wings let
                  | you fly. [Gargoyle growth]
 18192 | Lair:4   | Gained mutation: Your large and strong wings let you fly.
                  | [Gargoyle growth]
 18192 | Lair:4   | Reached XP level 14. HP: 82/99 MP: 19/19
 18409 | Lair:4   | Reached skill level 14 in Axes
 19539 | Lair:4   | HP: 4/99 [meliai/divine providence (13)]
 21212 | Lair:5   | Found a runed translucent door.
 21212 | Lair:5   | Noticed Binginea's ghost (journeyman VSEn)
 21214 | Lair:5   | Found a staircase to the Slime Pits.
 21251 | Lair:5   | Killed Binginea's ghost
 21918 | Lair:6   | Entered Level 6 of the Lair of Beasts
 22404 | Lair:6   | Got Bokanoh's Incunabulum of the Entrancing Voyage
 22800 | Lair:5   | Reached XP level 15. HP: 16/106 MP: 21/21
 23197 | Lair:6   | Found a runed translucent door.
 23199 | Lair:6   | Noticed Essalna's ghost (journeyman DsEE)
 23200 | Lair:6   | Identified the +10 trident of the Valley of Death {holy,
                  | rPois rF- Str+2}
 24559 | Lair:6   | Reached skill level 10 in Shields
 24588 | Lair:6   | Killed Essalna's ghost
 24589 | Lair:6   | Reached skill level 5 in Dodging
 24872 | D:11     | Noticed Josephine
 24879 | D:11     | Killed Josephine
 26084 | D:12     | Found the +5 robe of Night {Dark Will+ SInv}
 26190 | D:12     | Noticed Sonja
 26191 | D:12     | You are sucked into a shaft and drop 1 floor!
 26239 | D:12     | Noticed witty6's ghost (journeyman DsAK)
 26243 | D:12     | Killed Sonja
 26395 | D:12     | Identified the +9 long sword of Luifaik {vamp, rC+ SInv}
 26409 | D:12     | Found a transporter.
 26418 | D:12     | Noticed Rupert
 26423 | D:12     | Paralysed by Rupert for 3 turns
 26465 | D:12     | Found a transporter.
 26481 | D:12     | Killed Rupert
 26744 | D:12     | Slain by an ettin

Illustrated notes

Levels and vault maps discovered:
D:1:      onia_arrival_handbag, layout_loops_cross, serial_shops,
          nicolae_shop_advertising_works [nicolae_subvault_shop_adworks]
D:2:      layout_rooms, minmay_split_cup_large
D:3:      layout_loops_corners, okawaru_ov_weapons_minmay, uniq_jessica,
          uniq_terence, uniq_robin, uniq_grinder
D:4:      layout_cave_pools, minmay_misc_feat_alley, uniq_pikel
D:5:      layout_basic, ebering_ghost_inner_flame, goddamned_bats
D:6:      layout_rooms, enter_ossuary_5, lemuel_flame_loot_1
D:7:      layout_basic, minmay_temple_entry_enclosed_plants, roderic_lattice_a,
          uniq_menkaure, uniq_maggie
D:8:      layout_basic, serial_shops, nicolae_diamond_shop, serial_aquarium,
          aquarium_bridge_long_joined [aquarium_subvault_bridge,
          aquarium_subvault_bridge, aquarium_subvault_wall,
          aquarium_subvault_window, aquarium_subvault_window,
          aquarium_subvault_balcony], aquarium_bridge_straight
          [aquarium_subvault_bridge, aquarium_subvault_window,
          aquarium_subvault_bridge, aquarium_subvault_wall],
          aquarium_window_fake, aquarium_window_corridor_1, aquarium_view_2d,
          kennysheep_generic_room_6
D:9:      layout_cave_pools, enter_bailey_3
D:10:     layout_rooms, lair_entry_dummy, orc_0_dummy
D:11:     layout_gridville, billiards_dpeg, uniq_josephine
D:12:     layout_long_grid, gammafunk_ghost_arena,
          hellmonk_guarded_unrand_night, uniq_rupert, uniq_sonja
D:13:     minmay_bubble_buster, layout_long_grid,
          hangedman_abyss_or_decor_jellyfish_corner
Lair:1:   layout_roguey, gammafunk_lair_bear_cave, serial_bayou_shore_a,
          uniq_fannar
Lair:2:   layout_cave_pods, nicolae_swamp_entry_splash_gauntlet,
          nicolae_spider_entry_orb_guardian, nicolae_volcano_entry_s_turn,
          portal_ice_cave_entry_pillars_2, serial_bayou_shore_b
Lair:3:   layout_cave_pods, serial_bayou_ford_a, minmay_shattered_shrine
Lair:4:   hangedman_what_comes_after_a, layout_cave_pods, wad_woods_road_04
Lair:5:   layout_cave_pods, slime_altar_2, gammafunk_ghost_grave,
          beast_lair_carwin_2
Lair:6:   grunt_lair_end_beastmaster, layout_regular_city,
          ebering_ghost_funeral_grove, minivault_23, nicolae_lair_yak_garden,
          grunt_megastairs_5

Skill      XL: |  1  2  3  4  5  6  7  8  9 10 11 12 13 14 15 |
---------------+----------------------------------------------+-----
Fighting       | 4 5 6 7 9 10 11 12 13 | 13.3
Axes           | 2 4 5 7 8 10 11 12 13 14 | 14.9
Dodging        | 1 2 3 4 5 |  5.1
Armour         | 3 4 5 6 7 8 9 10 11 12 | 12.2
Stealth        | 1 2 3 |  3.5
Evocations     | 1 |  1.8
Invocations    | 3 5 6 8 9 10 11 12 | 12.7
Shields        | 1 3 4 5 6 9 10 | 10.9
Throwing       | 1 |  1.4

Action                   |  1- 3 |  4- 6 |  7- 9 | 10-12 | 13-15 || total
-------------------------+-------+-------+-------+-------+-------++-------
Melee: Hand axe          |   109 |    92 |   202 |   750 |  1344 ||  2497
Throw: Dart              |       |       |       |    16 |    16 ||    32
Invok: Depart the Abyss  |     1 |       |       |       |       ||     1
       Banish            |       |       |     4 |       |     8 ||    12
       Bend Space        |       |       |       |     6 |     1 ||     7
Evoke: Wand              |       |    10 |       |       |       ||    10
  Use: Scroll            |     3 |     1 |    14 |     4 |     8 ||    30
       Potion            |     1 |     1 |     2 |     1 |     8 ||    13
 Stab: Petrified         |       |       |       |       |     6 ||     6
Armor: Leather armour    |    14 |       |       |       |       ||    14
       Scale mail        |    53 |    48 |       |       |       ||   101
       Chain mail        |       |    16 |   226 |   652 |   864 ||  1758
Dodge: Dodged            |    83 |    41 |   103 |   343 |   416 ||   986
Block: Buckler           |       |       |    41 |   174 |    26 ||   241
       Kite shield       |       |       |       |       |   690 ||   690

Table legend: (Time is in decaauts)
 A = Elapsed time spent in this place.
 B = Non-inter-level travel time spent in this place.
 C = Inter-level travel time spent in this place.
 D = Time resting spent in this place.
 E = Time spent auto-exploring this place.
 F = Levels seen in this place.
 G = Mean time per level.
                   A        B        C        D        E       F      G
               +--------+--------+--------+--------+--------+-----+--------+
         Total |  26278 |  25236 |   1042 |   3755 |  16443 |  23 | 1142.5 |
       Dungeon |  13097 |  12478 |    619 |   1973 |   8079 |  13 | 1007.5 |
          Lair |  10412 |   9990 |    422 |    982 |   7060 |   6 | 1735.3 |
         Abyss |      0 |      0 |      0 |      0 |      0 |   1 |    0.0 |
       Ossuary |    416 |    416 |      0 |    137 |    124 |   1 |  416.0 |
        Bailey |    357 |    357 |      0 |      0 |    240 |   1 |  357.0 |
      Ice Cave |   1994 |   1994 |      0 |    663 |    940 |   1 | 1994.0 |
               +--------+--------+--------+--------+--------+-----+--------+

Top non-repeatable levels by time:
  Lair:5: 2065 daAuts
  Lair:4: 2044 daAuts
  Lair:6: 2018 daAuts
   IceCv: 1994 daAuts
     D:8: 1826 daAuts
  Lair:3: 1569 daAuts
  Lair:2: 1530 daAuts
     D:9: 1440 daAuts
     D:3: 1392 daAuts
    D:12: 1187 daAuts
  Lair:1: 1183 daAuts
    D:10: 1178 daAuts
     D:7: 1097 daAuts
     D:6: 1067 daAuts
     D:5: 1039 daAuts
